 Dungeon Sprint DCSS version 0.21.2 (webtiles) character file.

970 Fang the Cleaver (level 8, -1/87 HPs)
             Began as a Gargoyle Berserker on Sept 24, 2018.
             Was the Champion of Trog.
             Slain by a snapping turtle (5 damage)
             ... in the Dungeon (Sprint VII: "The Pits").
             The game lasted 00:04:33 (997 turns).

Fang the Cleaver (Gargoyle Berserker)                Turns: 997, Time: 00:04:33

Health: -1/87      AC: 21    Str: 31    XL:     8   Next: 16%
Magic:  8/8        EV: 10    Int:  8    God:    Trog [******]
Gold:   0          SH:  0    Dex: 12    Spells: 7/7 levels left

rFire    . . .     SeeInvis +   n - +11 battleaxe of the Real Monster {venom, rElec SInv}
rCold    . . .     Gourm    .   (shield currently unavailable)
rNeg     + . .     Faith    .   u - +3 plate armour
rPois    ∞         Spirit   .   (no helmet)
rElec    +         Reflect  .   (no cloak)
rCorr    .         Harm     .   (no gloves)
MR       .....     NoTele   +   (no boots)
Stlth    ..........             (no amulet)
HPRegen  0.24/turn              p - +3 ring of strength
MPRegen  0.11/turn              q - +3 ring of dexterity

@: berserking (expiring), very quick
A: negative energy resistance 1, electricity resistance, unbreathing,
petrification resistance, rot immunity, AC +5
a: Berserk, Trog's Hand, Brothers in Arms, Burn Spellbooks, Renounce Religion


You were in the Dungeon.
You worshipped Trog.
Trog was exalted by your worship.
You were not hungry.

You visited 1 branch

Inventory:

Hand Weapons
 b - a +0 hand axe of freezing
 j - a +2 hand axe
 n - the +11 battleaxe of the Real Monster (weapon) {venom, rElec SInv}
   (Trog gifted it to you in the Dungeon)

   It poisons the flesh of those it strikes.
   It insulates you from electricity.
   It lets you see invisible.
 t - a +1 broad axe of holy wrath
Missiles
 o - 8 javelins of returning (quivered)
Armour
 u - a +3 plate armour (worn)
Jewellery
 p - a +3 ring of strength (left hand)
 q - a +3 ring of dexterity (right hand)
Scrolls
 i - a scroll of blinking
 k - 3 scrolls of remove curse
 l - a scroll of summoning
Potions
 a - 2 potions of invisibility
 d - 8 potions of curing
 e - 12 potions of heal wounds
 f - a potion of haste
 g - 4 potions of magic
 h - 4 potions of berserk rage
 r - a potion of brilliance
 s - a potion of resistance
Comestibles
 c - 8 rations


   Skills:
 + Level 10.5 Fighting
 + Level 11.1 Axes
 + Level 7.1 Armour
 + Level 5.3 Dodging
 + Level 1.7 Stealth


You had 7 spell levels left.
You didn't know any spells.

Dungeon Overview and Level Annotations

Branches:
Dungeon (1/1)

Altars:
Cheibriados
Dithmenos
Elyvilon
Fedhas
Gozag
Hepliaklqana
Makhleb
Nemelex Xobeh
Okawaru
Qazlal
Ru
Sif Muna
Trog
Vehumet
Wu Jian
Xom
Yredelemnul
Zin
The Shining One
Beogh
Jiyva
Lugonu


Innate Abilities, Weirdness & Mutations

You are resistant to torment.
Your stone body is resilient. (AC +5)
You are immune to poison.
You resist negative energy. (rN+)
You are resistant to electric shocks. (rElec)
You can survive without breathing.
You are immune to petrification.
You are immune to rotting.


Message History

Your plate armour prevents you from hitting the snapping turtle.
The snapping turtle is lightly wounded.
The snapping turtle bites you!!
* * * LOW HITPOINT WARNING * * *
You hit the snapping turtle but do no damage.
The snapping turtle is lightly wounded.
The snapping turtle bites you but does no damage.
Your plate armour prevents you from hitting the snapping turtle.
The snapping turtle is lightly wounded.
The snapping turtle bites you!
* * * LOW HITPOINT WARNING * * *
You hit the snapping turtle.
The snapping turtle looks as sick as possible!
The snapping turtle is moderately wounded.
The snapping turtle barely misses you.
You slice the snapping turtle!!
The snapping turtle looks as sick as possible!
The snapping turtle is almost dead.
The snapping turtle bites you.
You die...

)'.##......#..#......#
##.##................+
....'................+
#####......#..#......#
#..##................#
#))#####'#####''######
#))##.......##''###
#).##.......##†...#
#[[##.......##.t@##
#'###...<...##..##
...##.......##..#
...##.......##..+
#####.......##.## #..
############
#.###########
#)#..[.#..[[#
#[#([..#..[[#


You could see a snapping turtle.

Vanquished Creatures
  A black mamba (D)
  2 floating eyes (D)
  Purgy (D)
  A necrophage (D)
  A gnoll shaman (D)
  An orc wizard (D)
  A worker ant (D)
  A hell rat (D)
  4 gnolls (D)
  An adder (D)
  2 oozes (D)
  2 orcs (D)
  2 giant cockroaches (D)
  A hobgoblin (D)
  3 jackals (D)
  2 bats (D)
  A frilled lizard (D)
  A giant cockroach zombie (D)
  A leopard gecko zombie (D)
29 creatures vanquished.

Vanquished Creatures (collateral kills)
  A chaos spawn (D)
  An eye of draining (D)
  2 orcs (D)
4 creatures vanquished.

Grand Total: 33 creatures vanquished

Notes
Turn   | Place    | Note
-------+----------+-------------------------------------------
     0 | D        | Fang the Gargoyle Berserker began the quest for the Orb.
     0 | D        | Reached XP level 1. HP: 14/14 MP: 1/1
    77 | D        | Found a bloodstained altar of Trog.
    77 | D        | Found a deep blue altar of Sif Muna.
    77 | D        | Found a viscous altar of Jiyva.
    77 | D        | Found a hazy altar of Hepliaklqana.
    77 | D        | Found an opulent altar of Gozag.
    78 | D        | Found a glowing golden altar of the Shining One.
    78 | D        | Found a glowing silver altar of Zin.
    78 | D        | Found a basalt altar of Yredelemnul.
    78 | D        | Found a shimmering altar of Xom.
    78 | D        | Found an ornate altar of the Wu Jian Council.
    78 | D        | Found a sacrificial altar of Ru.
    78 | D        | Found a stormy altar of Qazlal.
    78 | D        | Found an iron altar of Okawaru.
    78 | D        | Found a sparkling altar of Nemelex Xobeh.
    78 | D        | Found a burning altar of Makhleb.
    78 | D        | Found a blossoming altar of Fedhas.
    78 | D        | Found a white marble altar of Elyvilon.
    78 | D        | Found a shadowy altar of Dithmenos.
    78 | D        | Found a snail-covered altar of Cheibriados.
    81 | D        | Found a corrupted altar of Lugonu.
    81 | D        | Found a radiant altar of Vehumet.
    81 | D        | Found a roughly hewn altar of Beogh.
   117 | D        | Noticed a floating eye
   123 | D        | Killed a floating eye
   123 | D        | Reached skill level 5 in Axes
   123 | D        | Reached XP level 2. HP: 22/23 MP: 2/2
   123 | D        | Reached XP level 3. HP: 27/28 MP: 3/3
   123 | D        | Reached XP level 4. HP: 31/32 MP: 4/4
   123 | D        | Reached ** piety under Trog
   128 | D        | Noticed a floating eye
   129 | D        | Paralysed by a floating eye for 3 turns
   134 | D        | Paralysed by a floating eye for 4 turns
   138 | D        | Killed a floating eye
   138 | D        | Reached skill level 7 in Axes
   138 | D        | Reached XP level 5. HP: 30/39 MP: 5/5
   208 | D        | Reached *** piety under Trog
   211 | D        | Reached XP level 6. HP: 41/45 MP: 6/6
   301 | D        | Noticed Purgy
   315 | D        | Reached **** piety under Trog
   320 | D        | Killed Purgy
   320 | D        | Reached skill level 8 in Axes
   320 | D        | Reached skill level 5 in Armour
   328 | D        | Reached ***** piety under Trog
   351 | D        | Received a gift from Trog
   760 | D        | Noticed a necrophage
   780 | D        | Killed a necrophage
   780 | D        | Reached skill level 9 in Axes
   780 | D        | Reached XP level 7. HP: 51/51 MP: 7/7
   830 | D        | Noticed a chaos spawn
   834 | D        | Killed a chaos spawn
   834 | D        | Reached skill level 10 in Axes
   838 | D        | Received a gift from Trog
   838 | D        | Reached skill level 10 in Fighting
   838 | D        | Reached skill level 5 in Dodging
   838 | D        | Reached skill level 1 in Stealth
   842 | D        | Received a gift from Trog
   847 | D        | Got a fine battleaxe {god gift}
   854 | D        | Identified the +11 battleaxe of the Real Monster {venom, rElec SInv} (Trog gifted it to you in the Dungeon)
   981 | D        | Noticed a snapping turtle
   981 | D        | Noticed a black mamba
   988 | D        | Killed a black mamba
   988 | D        | Reached ****** piety under Trog
   988 | D        | Reached skill level 11 in Axes
   988 | D        | Reached XP level 8. HP: 50/58 MP: 8/8
   995 | D        | HP: 3/87 [snapping turtle (15)]
   997 | D        | Slain by a snapping turtle

Skill      XL: |  1  2  3  4  5  6  7 |
---------------+----------------------+-----
Fighting       | 6 8 9 10 | 10.5
Axes           | 5 7 9 11 | 11.1
Armour         | 3 4 5 7 |  7.1
Dodging        | 3 4 5 |  5.3
Stealth        | 1 |  1.7

Action                   |  1- 3 |  4- 6 |  7- 9 || total
-------------------------+-------+-------+-------++-------
Melee: Hand axe          |     9 |    70 |    46 ||   125
       Battleaxe         |       |       |    12 ||    12
Invok: Berserk           |       |     1 |     2 ||     3
       Brothers in Arms  |       |       |     1 ||     1
  Eat: Ration            |       |       |     1 ||     1
Armor: Animal skin       |     2 |    14 |       ||    16
       Chain mail        |       |    42 |    18 ||    60
       Plate armour      |       |       |     6 ||     6
Dodge: Dodged            |     8 |    45 |    17 ||    70
